 Dungeon Crawl Stone Soup version 0.26-a0-952-g76694b35de (webtiles) character file.

Game seed: 4468474675400056082

2 marklar909 the Sneak (level 1, -2/22 HPs)
             Began as a Troll Delver on Nov 30, 2020.
             Slain by a killer bee (5 damage)
             ... on level 6 of the Dungeon.
             The game lasted 00:00:23 (57 turns).

marklar909 the Sneak (Troll Delver)                   Turns: 57, Time: 00:00:24

Health: -2/22      AC:  6    Str: 19    XL:     1   Next: 25%
Magic:  0/0        EV: 10    Int:  6    God:
Gold:   0          SH:  0    Dex: 11    Spells: 0/0 levels left

rFire    . . .     SeeInvis .     - Unarmed
rCold    . . .     Faith    .   (no shield)
rNeg     . . .     Spirit   .   a - +0 robe
rPois    .         Reflect  .   (helmet restricted)
rElec    .         Harm     .   (no cloak)
rCorr    .         Rampage  .   (gloves unavailable)
MR       .....                  (boots unavailable)
Stlth    ++........             (no amulet)
HPRegen  0.47/turn              (no ring)
MPRegen  0.07/turn              (no ring)

@: hasted, very quick
A: large, unfitting armour, claws 3, regeneration 1, shaggy fur 1, tough skin 3
a: no special abilities


You were on level 6 of the Dungeon.
You visited 1 branch of the dungeon, and saw 3 of its levels.

Inventory:

Armour
 a - a +0 robe (worn)
Wands
 f - a wand of digging (3)
Scrolls
 b - a scroll of fog
 c - a scroll of magic mapping
 d - a scroll of fear
 g - 3 scrolls of identify {unknown}
Potions
 h - a potion of might {unknown}


   Skills:
 + Level 2.4 Fighting
 + Level 1.5 Dodging
 + Level 2.8 Stealth
 + Level 2.0 Unarmed Combat


You couldn't memorise any spells.
You didn't know any spells.
Your spell library contained the following spells:

 Spells                   Type           Power        Failure   Level
 Magic Dart               Conj           #...         45%         1
 Searing Ray              Conj           #.....       58%         2
 Dazzling Flash           Conj/Hex       #.....       83%         3
 Fulminant Prism          Conj/Hex       #.........   99%         4
 Iskenderun's Mystic Bla  Conj/Tloc      #.......     99%         4


Dungeon Overview and Level Annotations

Branches:
Dungeon (5/15)
 Temple: D:4-7

Altars:

Shops:
D:5 =


Innate Abilities, Weirdness & Mutations

You are too large for most types of armour.
You have claws for hands.
Your natural rate of healing is unusually fast.
You are covered in fur. (AC +1)
You have extremely tough skin. (AC +3)


Message History

There is an open door here.
You claw the killer bee!
The killer bee is severely wounded.
The killer bee stings you.
The killer bee stings you but does no damage.
Unknown command.
Evoke which item? (* to show all) (? for menu, Esc to quit)
Okay, then.
You feel yourself speed up. The killer bee closely misses you.
The killer bee stings you.
Unknown command.
The killer bee buzzes angrily.
You scratch the killer bee but do no damage.
The killer bee is severely wounded.
The killer bee stings you!
* * * LOW HITPOINT WARNING * * *
You barely miss the killer bee.
The killer bee is severely wounded.
The killer bee stings you.
You die...

##+## ##...## .
##.....## #..
##.......##
<...y###.........#
....yyy@>........+
.....###.........#
... ##.......## .
##.....## ##...##
##..##
##.#.########
#.###........
##.#.########


You could see 4 killer bees.

Vanquished Creatures
  A leopard gecko (D:6)
1 creature vanquished.

Notes
Turn   | Place    | Note
-------+----------+-------------------------------------------
     0 | D:5      | marklar909 the Troll Delver began the quest for the Orb.
     0 | D:5      | Reached XP level 1. HP: 22/22 MP: 0/0
     9 | D:5      | Found Beth's Jewellery Shoppe.
    28 | D:4      | You fall into a shaft and drop 2 floors!
    52 | D:6      | Noticed a killer bee
    52 | D:6      | Noticed a killer bee
    52 | D:6      | Noticed a killer bee
    52 | D:6      | Noticed a killer bee
    53 | D:6      | Noticed a killer bee
    57 | D:6      | Slain by a killer bee

Illustrated notes

Levels and vault maps discovered:
D:4:      cheibrodos_greedy_goblins, layout_loops_cross,
          nicolae_overflow_hidden_temple, minmay_temple_entry_nine_rooms,
          ebering_ghost_sewer_d, uniq_eustachio, uniq_blork_the_orc
D:5:      layout_loops_ring, led_sif_book, serial_shops, shop,
          serial_bayou_pond_a, lightli_corner_chamber
D:6:      layout_loops_corners, nicolae_overflow_crystal_walls,
          nicolae_ru_great_annihilating_truth, uniq_duvessa, uniq_grinder

Action                   || total
-------------------------++-------
Melee: Unarmed           ||     4
  Use: Potion            ||     1
 Stab: Sleeping          ||     1
Armor: Robe              ||     1
Dodge: Dodged            ||     1

Table legend: (Time is in decaauts)
 A = Elapsed time spent in this place.
 B = Non-inter-level travel time spent in this place.
 C = Inter-level travel time spent in this place.
 D = Time resting spent in this place.
 E = Time spent auto-exploring this place.
 F = Levels seen in this place.
 G = Mean time per level.
                   A        B        C        D        E       F      G
               +--------+--------+--------+--------+--------+-----+--------+
         Total |     56 |     56 |      0 |      0 |     22 |   3 |   18.7 |
       Dungeon |     56 |     56 |      0 |      0 |     22 |   3 |   18.7 |
               +--------+--------+--------+--------+--------+-----+--------+

Top non-repeatable levels by time:
     D:6: 28 daAuts
     D:5: 28 daAuts
